 Dungeon Crawl Stone Soup version 0.16-a0-3338-g5ad3fa0 (webtiles) character file.

1677 zercules the Spear-Bearer (level 9, -7/70 HPs)
             Began as a Hill Orc Fighter on Dec 27, 2014.
             Was an Initiate of Pakellas.
             Mangled by a hill giant
             ... wielding a +0 giant spiked club
              (14 damage)
             ... on level 6 of the Dungeon.
             The game lasted 00:24:19 (5959 turns).

zercules the Spear-Bearer (Hill Orc Fighter)        Turns: 5959, Time: 00:24:19

Health: -7/70      AC: 10    Str: 19    XL:     9   Next: 1%
Magic:  9/9        EV:  8    Int: 11    God:    Pakellas [......]
Gold:   287        SH: 11    Dex: 11    Spells: 0 memorised, 8 levels left

rFire  . . .     SeeInvis .     a - +0 trident
rCold  . . .     Clarity  .     b - +0 scale mail
rNeg   . . .     SustAb   .     c - +0 shield
rPois  .         Gourm    .     d - +0 helmet
rElec  .         Spirit   .     e - +0 cloak
rCorr  .         Warding  .     k - +0 pair of gloves
rMut   .         Stasis   .     (no boots)
MR     .....                    y - amulet of regeneration
Stlth  ..........               (no ring)
                                f - +1 ring of dexterity

@: not resistant to hostile enchantments, extremely unstealthy
A: no striking features
a: Renounce Religion


You were on level 6 of the Dungeon.
You worshipped Pakellas.
Pakellas was noncommittal.
You were not hungry.

You visited 2 branches of the dungeon, and saw 8 of its levels.

You collected 287 gold pieces.


   Skills:
 - Level 3.6 Fighting
 + Level 9.7 Polearms
 - Level 3.2 Armour
 - Level 8.4 Shields


You had 8 spell levels left.
You didn't know any spells.

Dungeon Overview and Level Annotations

Branches:
Dungeon (7/15)             Temple (1/1) D:6

Altars:
Ashenzari
Cheibriados
Dithmenos
Fedhas
Gozag
Kikubaaqudgha
Makhleb
Nemelex Xobeh
Okawaru
Pakellas
Vehumet
Yredelemnul
Zin
The Shining One

Shops:
D:4 *

Inventory:

Hand weapons
 a - a +0 trident (weapon)
 i - a +2 quarterstaff of chaos
   (You took it off Crazy Yiuf on level 4 of the Dungeon)
 t - a +0 halberd
 u - a +0 dagger
Armour
 b - a +0 scale mail (worn)
 c - a +0 shield (worn)
 d - a +0 helmet (worn)
 e - a +0 cloak (worn)
 k - a +0 pair of gloves (worn)
Jewellery
 f - a +1 ring of dexterity (left hand)
 g - an uncursed amulet of resist corrosion
 h - an uncursed amulet of stasis
 y - an amulet of regeneration (around neck)
 C - an uncursed ring of positive energy {unknown}
Scrolls
 l - a scroll of amnesia
 q - a scroll of fear {unknown}
 v - a scroll of fog {unknown}
 w - 2 scrolls of remove curse {unknown}
 x - a scroll of random uselessness {unknown}
 B - a scroll of magic mapping {unknown}
 D - a scroll of identify {@r9}
 E - a scroll of enchant weapon {unknown}
 F - a scroll of enchant armour {unknown}
Potions
 j - 2 potions of heal wounds {unknown}
 m - a potion of flight
 n - a potion of ambrosia {unknown}
 p - a potion of invisibility {unknown}
 G - 2 potions of cure mutation {unknown}
Books
 z - Sueptuk's Handbook of Confrontation
   (You found it on level 5 of the Dungeon)

   Spells                             Type                      Level
   a - Magic Dart                     Conjuration                  1
   b - Throw Flame                    Conjuration/Fire             2
   c - Static Discharge               Conjuration/Air              3
   d - Iskenderun's Battlesphere      Conjuration/Charms           5
   Pakellas disapproves of the use of such an item.
Comestibles
 o - 2 meat rations
 r - 3 fruits
 s - 3 bread rations
 H - 2 chunks of flesh {@w1}

.# .# .# .#
.# .# .# .#
#######.##
.# #
#@Cl......
## ##.#
#..######.#
....# ...##
##..!B...
#..## ....#
#..# ###.#
#.# .. .
#.# ..#


You could see a hill giant and a giant gecko.


Message History

The hill giant is lightly wounded.
Throwing (i - inventory):
A - 2 javelins (quivered)
Aim: a hill giant, wielding a giant spiked club (lightly wounded)
You throw a javelin. The javelin hits the hill giant.
The hill giant is lightly wounded.
Throwing (i - inventory):
A - a javelin (quivered)
Aim: a hill giant, wielding a giant spiked club (lightly wounded)
You throw a javelin. The javelin hits the hill giant.
The hill giant is lightly wounded.
Attack whom?
Aim: a hill giant, wielding a giant spiked club (lightly wounded)
You reach to attack!
Your shield and scale mail prevent you from hitting the hill giant.
The hill giant is lightly wounded.
You hit the hill giant.
The hill giant is lightly wounded.
The hill giant hits you with a giant spiked club!!
You hit the hill giant but do no damage.
The hill giant is lightly wounded.
The hill giant hits you with a giant spiked club!!!
Ouch! That really hurt!
* * * LOW HITPOINT WARNING * * *
Found an escape hatch in the ceiling.
You see here 16 gold pieces.
You now have 287 gold pieces (gained 16).
Found 20 bolts.
Evoke which item? (* to show all) (? for menu, Esc to quit)
Okay, then.
Unknown command.
Unknown command.
Your scale mail prevents you from hitting the hill giant.
The hill giant is lightly wounded.
The hill giant hits you with a giant spiked club!!
* * * LOW HITPOINT WARNING * * *
Drink which item? (? for menu, Esc to quit)
Okay, then.
You block the hill giant's attack. The hill giant closely misses you.
There is an open door here.
There is a stone staircase leading up here.
You block the hill giant's attack.
The hill giant hits you but does no damage.
There is an open door here.
There is an escape hatch in the ceiling here.
You block the hill giant's attack. A mysterious force pulls you upwards.
The hatch slams shut behind you.
You hit the hill giant but do no damage.
You puncture the hill giant!
The hill giant is lightly wounded.
The hill giant barely misses you.
A giant gecko comes into view.
You hit the hill giant.
The hill giant is lightly wounded.
You hit the hill giant.
The hill giant is lightly wounded.
The hill giant hits you with a giant spiked club!!
* * * LOW HITPOINT WARNING * * *
You hit the hill giant.
The hill giant is moderately wounded.
You block the hill giant's attack.
You hit the hill giant.
The hill giant is moderately wounded.
You hit the hill giant.
The hill giant is moderately wounded.
The hill giant hits you with a giant spiked club!
* * * LOW HITPOINT WARNING * * *
You puncture the hill giant!
The hill giant is heavily wounded.
The hill giant hits you with a giant spiked club!
You die...

Action                   |  1- 3 |  4- 6 |  7- 9 || total
-------------------------+-------+-------+-------++-------
Melee: Trident           |   113 |   314 |   453 ||   880
Throw: Javelin           |       |       |     8 ||     8
  Use: Scroll            |       |     6 |     1 ||     7
       Potion            |       |     4 |     4 ||     8
  Eat: Chunk             |       |     4 |     7 ||    11
       Meat ration       |       |     1 |       ||     1
       Pizza             |       |     1 |       ||     1
       Beef jerky        |       |       |     2 ||     2

Vault maps used:
D:1:      erik_arrival_cave_to_civilisation, minmay_stone_trees_medium
D:2:      lemuel_round_altar, lemuel_coloured_pillars_altar,
          serial_corexii_hall, corexii_hall_statues_i, corexii_hall_statues_s,
          corexii_hall_statues_x, corexii_hall_statues_l,
          corexii_hall_statues_i, corexii_hall_statues_t, uniq_sigmund,
          uniq_iyjb
D:3:      minivault_26
D:4:      grunt_gozag_potion_petition, uniq_crazy_yiuf_cottage, uniq_robin,
          uniq_natasha, uniq_pikel
D:5:      nicolae_overflow_hidden_temple, first_bread, minmay_crystal_room
D:6:      nicolae_overflow_crystal_walls, minmay_temple_entry_junction
D:7:      gammafunk_temple_overflow_pools, cheibriados_altar_1, uniq_menkaure
Temple:   circular_temple_12

Notes
Turn   | Place    | Note
--------------------------------------------------------------
     0 | D:1      | zercules, the Hill Orc Fighter, began the quest for the Orb.
     0 | D:1      | Reached XP level 1. HP: 19/19 MP: 1/1
   139 | D:1      | Reached skill level 3 in Polearms
   139 | D:1      | Reached XP level 2. HP: 15/26 MP: 2/2
   581 | D:1      | Reached XP level 3. HP: 31/31 MP: 3/3
   954 | D:2      | Reached skill level 4 in Polearms
  1037 | D:3      | Reached XP level 4. HP: 37/39 MP: 4/4
  1205 | D:3      | Reached skill level 4 in Shields
  1617 | D:4      | HP: 8/39 [acid (9)]
  1618 | D:4      | Reached XP level 5. HP: 9/45 MP: 5/5
  1886 | D:4      | Found Gozag's Nutrition Petition.
  1889 | D:4      | Found an opulent altar of Gozag.
  1918 | D:4      | Reached skill level 5 in Polearms
  1940 | D:4      | Noticed Robin
  1963 | D:4      | Killed Robin
  2223 | D:4      | Noticed Natasha
  2236 | D:4      | Killed Natasha
  2236 | D:4      | Reached skill level 5 in Shields
  2538 | D:4      | Reached XP level 6. HP: 51/51 MP: 6/6
  2761 | D:4      | HP: 10/51 [scorpion (4)]
  2764 | D:4      | HP: 4/51 [scorpion (1)]
  2769 | D:4      | HP: 12/51 [scorpion (2)]
  2775 | D:4      | HP: 8/51 [poisoned by a scorpion]
  2782 | D:4      | HP: 7/51 [poisoned by a scorpion]
  2789 | D:4      | HP: 6/51 [poisoned by a scorpion]
  2797 | D:4      | HP: 5/51 [poisoned by a scorpion]
  3091 | D:4      | Noticed a slave
  3091 | D:4      | Noticed a slave
  3093 | D:4      | Noticed a slave
  3140 | D:4      | HP: 11/51 [slave[Pikel] (5)]
  3159 | D:4      | HP: 7/51 [worker ant (5)]
  3229 | D:4      | HP: 10/51 [worker ant (5)]
  3493 | D:4      | Killed a slave
  3626 | D:4      | Noticed Natasha
  3636 | D:4      | Reached skill level 6 in Polearms
  3664 | D:4      | Killed Natasha
  3945 | D:4      | Noticed an ogre
  3955 | D:4      | Noticed Crazy Yiuf
  3963 | D:4      | Killed Crazy Yiuf
  3963 | D:4      | Reached XP level 7. HP: 21/57 MP: 7/7
  3970 | D:4      | Killed an ogre
  3970 | D:4      | Reached skill level 6 in Shields
  4084 | D:4      | Noticed Natasha
  4090 | D:4      | Killed Natasha
  4137 | D:5      | Entered Level 5 of the Dungeon
  4224 | D:5      | Found an iron altar of Okawaru.
  4226 | D:5      | Found an opulent altar of Gozag.
  4344 | D:5      | Identified Sueptuk's Handbook of Confrontation
  4469 | D:5      | Reached skill level 7 in Polearms
  4502 | D:5      | HP: 9/57 [ogre/giant club (12)]
  4926 | D:5      | Reached skill level 7 in Shields
  4926 | D:5      | Reached XP level 8. HP: 64/64 MP: 8/8
  5101 | D:6      | Found a blossoming altar of Fedhas.
  5195 | D:6      | Found a staircase to the Ecumenical Temple.
  5242 | D:6      | Reached skill level 8 in Polearms
  5246 | D:6      | HP: 16/64 [goliath beetle (10)]
  5279 | Temple   | Entered the Ecumenical Temple
  5342 | Temple   | Became a worshipper of Pakellas the Inventive
  5377 | D:6      | Reached skill level 8 in Shields
  5381 | D:6      | HP: 16/64 [goliath beetle (13)]
  5461 | D:6      | HP: 12/64 [sky beast (5)]
  5485 | D:7      | HP: 15/64 [something (4)]
  5492 | D:7      | HP: 10/64 [sky beast (4)]
  5492 | D:7      | HP: 4/64 [sky beast (6)]
  5500 | D:7      | HP: 14/64 [something (1)]
  5501 | D:7      | HP: 1/64 [something (6)]
  5513 | D:7      | HP: 15/64 [something (1)]
  5732 | D:7      | Reached skill level 9 in Polearms
  5740 | D:7      | Found a glowing silver altar of Zin.
  5741 | D:7      | Found an ancient bone altar of Kikubaaqudgha.
  5852 | D:7      | Reached XP level 9. HP: 70/70 MP: 9/9
  5880 | D:7      | Noticed a hill giant
  5886 | D:7      | HP: 15/70 [hill giant/giant spiked club (37)]
  5906 | D:7      | HP: 6/70 [hill giant/giant spiked club (21)]
  5955 | D:6      | HP: 16/70 [hill giant/giant spiked club (19)]
  5958 | D:6      | HP: 6/70 [hill giant/giant spiked club (12)]
  5959 | D:6      | Mangled by a hill giant

Vanquished Creatures
  A slave (D:4)
  A sky beast (D:7)
  An ice beast (D:7)
  A phantom (D:5)
  4 ogres
  A giant frog (D:7)
  4 scorpions
  A goliath beetle (D:6)
  A gnoll shaman (D:7)
  A crimson imp (D:6)
  An iron imp (D:4)
  2 jellies (D:4)
  Crazy Yiuf (D:4)
  4 hounds
  2 orc wizards (D:4)
  Natasha (thrice) (D:4)
  4 worker ants
  Robin (D:4)
  10 gnolls
  7 adders
  A shadow imp (D:5)
  A giant mite (D:3)
  A worm (D:3)
  An adder zombie (D:5)
  2 adder skeletons (D:4)
  3 giant geckos
  2 oozes
  3 orcs
  A ball python (D:2)
  9 bats
  2 bat skeletons
  5 giant cockroaches
  17 goblins
  17 hobgoblins
  5 jackals
  5 kobolds
  3 quokkas
  A ball python skeleton (D:4)
  A giant gecko zombie (D:5)
  8 giant newts
  8 rats
147 creatures vanquished.
